 Dungeon Crawl Stone Soup version 0.14-a0-1739-g6c2808e (webtiles) character file.

111 Bastard the Poker (level 4, -4/33 HPs)
             Began as a Merfolk Death Knight on Jan 3, 2014.
             Was a Believer of Yredelemnul.
             Slain by Sigmund
             ... wielding a +2,+0 scythe
              (15 damage)
             ... on Level 2 of the Dungeon.
             The game lasted 00:02:57 (1866 turns).

Bastard the Poker (Merfolk Death Knight)            Turns: 1866, Time: 00:02:58

HP  -4/33        AC  4     Str 13      XL: 4   Next: 16%
MP   6/6         EV 16     Int 10      God: Yredelemnul [**....]
Gold 44          SH  0     Dex 19      Spells:  0 memorised,  3 levels left

rFire  . . .     SeeInvis .     a - +1 spear
rCold  . . .     Clarity  +     b - +0 leather armour
rNeg   . . .     Conserve .     (no shield)
rPois  .         rCorr    .     e - +0 helmet
rElec  .         rRot     .     (no cloak)
SustAb . .       Spirit   .     (no gloves)
rMut   .         Warding  .     (no boots)
Saprov . . .     Stasis   .     d - amulet of clarity {unknown}
                                (no ring)
                                (no ring)

@: agile, injury mirror, slightly resistant to hostile enchantments, stealthy
A: change form in water, swift swim
a: Animate Remains, Recall Undead Slaves, Injury Mirror, Renounce Religion


You were on level 2 of the Dungeon.
You worshipped Yredelemnul.
Yredelemnul was pleased with you.
You were not hungry.

You visited 1 branch of the dungeon, and saw 2 of its levels.

You collected 44 gold pieces.

Inventory:

Hand weapons
 a - a +1,+1 spear (weapon)
Missiles
 g - 6 javelins (quivered)
Armour
 b - a +0 leather armour (worn)
 e - a +0 helmet (worn)
Comestibles
 c - 2 bread rations
 q - a chunk of giant gecko flesh
Scrolls
 f - 2 scrolls of remove curse {unknown}
 i - a scroll of fog {unknown}
 j - a scroll of identify {unknown}
 k - a scroll of enchant weapon II {unknown}
 n - a scroll of enchant armour {unknown}
 p - a scroll of teleportation {unknown}
Jewellery
 d - an amulet of clarity (around neck) {unknown}
Potions
 l - a potion of mutation {unknown}
 m - a potion of blood
 o - a potion of restore abilities {unknown}
 r - a potion of porridge


   Skills:
 - Level 2.1 Fighting
 + Level 6.3 Polearms
 - Level 0.6 Armour
 - Level 1.3 Dodging
 - Level 3.0 Invocations


You had 3 spell levels left.
You didn't know any spells.

Dungeon Overview and Level Annotations

Branches:
Dungeon (2/16)

Altars:
Kikubaaqudgha

Annotations:
D:2 Sigmund


Message History

You hit Sigmund.
Sigmund is moderately wounded.
Sigmund mumbles some strange words.
Sigmund flickers and vanishes!
Deactivating autopickup; reactivate with Ctrl-A.
You miss it. It barely misses you.
You closely miss it. You hit it but do no damage. It hits you.
You hit it. You barely miss it. It closely misses you.
You puncture it!
Use which ability? (? or * to list)
You offer yourself to Yredelemnul, and fill with unholy energy.
You hear some strange, mumbled words.
The puff of flame misses you.
You closely miss it. It barely misses you.
You hit it. You hit it. It hits you!
You die...
Your body rises from the dead as a mindless zombie.

#### ##### #...
#...######## #...
#......#...# #...
#......#...## ...
#####...#####............
...
.........@.%..............
#.#
...############.####.....##
#.### ...## #.# #.....#
#...# ....# #.# ..##...#
#...###...#### #.#... #####
............... ......
#.#............ ......
............... ...
#.#..).......... .


There were no monsters in sight!

Vanquished Creatures
  Ijyb (D:2)
  3 oozes
  3 bats
  3 giant cockroaches (D:1)
  6 goblins (D:1)
  7 hobgoblins (D:1)
  3 kobolds
  A quokka (D:2)
  2 ball pythons
  3 giant geckos (D:2)
  A giant newt (D:1)
  9 rats
42 creatures vanquished.

Vanquished Creatures (others)
  A human (D:2)
1 creature vanquished.

Grand Total: 43 creatures vanquished

Notes
Turn   | Place    | Note
--------------------------------------------------------------
     0 | D:1      | Bastard, the Merfolk Death Knight, began the quest for the Orb.
     0 | D:1      | Reached XP level 1. HP: 16/16 MP: 2/2
   203 | D:1      | Reached skill level 4 in Polearms
   203 | D:1      | Reached XP level 2. HP: 8/22 MP: 3/3
   686 | D:1      | Reached XP level 3. HP: 24/27 MP: 5/5
   692 | D:1      | Reached skill level 5 in Polearms
  1380 | D:2      | Acquired Yredelemnul's second power
  1424 | D:2      | Noticed Ijyb
  1440 | D:2      | Killed Ijyb
  1440 | D:2      | Reached skill level 6 in Polearms
  1694 | D:2      | Reached XP level 4. HP: 29/33 MP: 6/6
  1725 | D:2      | Found an ancient bone altar of Kikubaaqudgha.
  1725 | D:2      | Noticed a human
  1728 | D:2      | Killed a human
  1852 | D:2      | Noticed Sigmund
  1866 | D:2      | Slain by Sigmund

Action                   |  1- 3 |  4- 6 || total
-------------------------+-------+-------++-------
Melee: Spear             |   141 |    46 ||   187
Throw: Javelin           |     1 |       ||     1
Invok: Injury Mirror     |       |     1 ||     1
  Use: Potion            |     2 |     1 ||     3
 Stab: Sleeping          |     1 |       ||     1
